 Dungeon Crawl Stone Soup version 0.31-a0-210-gccc998df9b (webtiles) character file.

Game seed: 10353436209501062495

88 qw the Shooter (level 4, -1/36 HPs)
             Began as a Minotaur Hexslinger on June 30, 2023.
             Slain by Grinder (9 damage)
             ... on level 3 of the Dungeon.
             The game lasted 00:00:37 (1247 turns).

qw the Shooter (Minotaur Hexslinger)                Turns: 1247, Time: 00:00:37

Health: -1/36      AC:  3    Str: 13    XL:     4   Next: 29%
Magic:  0/4        EV: 12    Int: 10    God:
Gold:   150        SH:  0    Dex: 14    Spells: 4/5 levels left

rFire   . . .        b - +3 greatsling "Punk" {acid, rCorr}
rCold   . . .        (no shield)
rNeg    . . .        i - +0 leather armour
rPois   .            (helmet restricted)
rElec   .            (no cloak)
rCorr   +            (no gloves)
SInv    .            (no boots)
Will    .....        g - amulet of guardian spirit
Stlth   +            (no ring)
HPRegen 0.26/turn    (no ring)
MPRegen 0.09/turn

%: guardian spirit
@: no status effects
A: horns 2, retaliatory headbutt
a: no special abilities


You were on level 3 of the Dungeon.
You visited 1 branch of the dungeon, and saw 3 of its levels.

You collected 150 gold pieces.


Innate Abilities, Weirdness & Mutations

You have a pair of horns on your head.
You reflexively headbutt those who attack you in melee.


   Skills:
 - Level 2.0 Fighting
 + Level 4.8 Ranged Weapons
 - Level 2.1 Dodging
 - Level 1.0 Spellcasting
 - Level 2.0 Hexes


You had 4 spell levels left.
You knew the following spells:

 Your Spells              Type           Power      Damage    Failure   Level
a - Slow                  Hex            16%        N/A       19%         1

Your spell library contained the following spells:

 Spells                   Type           Power      Damage    Failure   Level
 Inner Flame              Hex/Fire       2%         N/A       65%         3
 Portal Projectile        Hex/Tloc       4%         N/A       65%         3
 Cause Fear               Hex            2%         N/A       88%         4

Inventory:

Hand Weapons
 b - the +3 greatsling "Punk" (weapon) {acid, rCorr}
   (You acquired it on level 2 of the Dungeon)

   rCorr:     It protects you from acid and corrosion.
Armour
 i - a +0 leather armour (worn)
Jewellery
 c - a +6 ring of dexterity
 g - an amulet of guardian spirit (around neck)
Potions
 a - a potion of berserk rage {unknown}
 j - a potion of lignification {unknown}

Dungeon Overview and Level Annotations

Branches:
Dungeon (3/15)

Altars:

Annotations:
D:3 Grinder


Message History

Grinder comes into view.
Grinder shouts!
Enter note:
Enter note:
Enter note:
Enter note:
Enter note: You shoot a sling bullet.
The sling bullet hits Grinder.
Grinder is splashed with acid.
The acid corrodes Grinder!
Grinder is lightly wounded.
Grinder blinks!
Grinder is nearby!
Enter note:
Enter note:
Enter note:
Enter note: You shoot a sling bullet.
The sling bullet barely misses Grinder.
You shoot a sling bullet.
The sling bullet closely misses Grinder.
You shoot a sling bullet. The sling bullet hits Grinder!
Grinder is splashed with acid.
Grinder seems to be corroded for longer.
Grinder is moderately wounded.
Grinder drinks a potion.
Grinder seems to grow stronger.
You shoot a sling bullet. The sling bullet barely misses Grinder.
Grinder gestures at you. Pain shoots through your body!
You shoot a sling bullet.
The sling bullet hits Grinder but does no damage.
Grinder is splashed with acid!
Grinder is heavily wounded.
Grinder completely misses you. You furiously retaliate!
You headbutt Grinder! You shoot a sling bullet.
The sling bullet barely misses Grinder.
Grinder says, "Wait up."
Grinder hits you.
You writhe in agony.
You shoot a sling bullet. The sling bullet barely misses Grinder.
Grinder hits you!
You writhe in agony.
You shoot a sling bullet. The sling bullet barely misses Grinder.
Grinder hits you!
You die...

.#. .#. .#. #.#ยค #. ..
...... . .. .....# .#
#..# # #. #.#..#..###...
. #.# #.##.#..#..#.#..##.
#.#.#5##.#............
#.....@......... ...
#.#.#.......#..# #.#
#.#............#.##.##
###.#.#.##.##.#.....<..##
#..........##.#.##.##....
##...#.###..............
#...#..................
#................#...##
#......................


You could see Grinder (strong, corroded).

Vanquished Creatures
  3 adders
  3 worms (D:2)
  A dart slug (D:1)
  5 ball pythons
  7 giant cockroaches
  6 goblins
  A hobgoblin (D:2)
  2 jackals (D:1)
  5 kobolds
  2 quokkas
  5 bats
  4 frilled lizards (D:1)
  4 rats
48 creatures vanquished.

Notes
Turn   | Place    | Note
-------+----------+-------------------------------------------
     0 | D:1      | qw the Minotaur Hexslinger began the quest for the Orb.
     0 | D:1      | Reached XP level 1. HP: 16/16 MP: 1/1
     0 | D:1      | 0 ||| qw: Version: 0.3-a-26-gee661ec
     0 | D:1      | 0 ||| qw: Game counter: 7211
     0 | D:1      | 0 ||| qw: Melee chars always use a shield: true
     0 | D:1      | 0 ||| qw: God list: Okawaru
     0 | D:1      | 0 ||| qw: Allow faded altars: false
     0 | D:1      | 0 ||| qw: Do Orc after clearing Dungeon:15 true
     0 | D:1      | 0 ||| qw: Do second Lair branch before Depths: true
     0 | D:1      | 0 ||| qw: Lair rune preference: random
     0 | D:1      | 0 ||| qw: Goals: Normal
     0 | D:1      | 0 ||| PLANNING D:1-11
   112 | D:1      | Reached skill level 3 in Ranged Weapons
   112 | D:1      | Reached XP level 2. HP: 23/23 MP: 2/2
   658 | D:1      | Reached XP level 3. HP: 29/29 MP: 3/3
   702 | D:1      | 702 ||| READING scroll labelled NEPTER ORULU.
   703 | D:1      | 703 ||| DROPPING scroll of poison.
   784 | D:2      | Reached skill level 4 in Ranged Weapons
   813 | D:2      | 813 ||| SWAPPING to +4 sling.
   816 | D:2      | 816 ||| DROPPING +1 sling.
   945 | D:2      | Reached XP level 4. HP: 36/36 MP: 4/4
  1136 | D:2      | 1136 ||| UPGRADING to +0 leather armour.
  1146 | D:2      | 1146 ||| DROPPING +0 robe.
  1147 | D:2      | 1147 ||| UPGRADING to amulet of guardian spirit.
  1152 | D:2      | 1152 ||| READING scroll labelled FEILANUYRI.
  1152 | D:2      | Identified a scroll of acquirement
  1152 | D:2      | 1152 ||| ACQUIRING +3 greatsling "Punk" {acid, rCorr}
  1152 | D:2      | Acquired the +3 greatsling "Punk" {acid, rCorr}
  1152 | D:2      | Found the +3 greatsling "Punk" {acid, rCorr}
  1154 | D:2      | 1154 ||| SWAPPING to +3 greatsling "Punk" {acid, rCorr}.
  1155 | D:2      | 1155 ||| DROPPING +4 sling.
  1156 | D:2      | 1156 ||| READING scroll labelled NAJEYKH YWAEDE.
  1157 | D:2      | 1157 ||| READING scroll labelled YGROAQ NEARAPPOE.
  1158 | D:2      | 1158 ||| READING scroll labelled PASEVUWICI.
  1237 | D:3      | Noticed Grinder
  1246 | D:3      | HP: 8/36 [Grinder (5)]
  1247 | D:3      | Slain by Grinder

Levels and vault maps discovered:
D:1:      dpeg_arrival_arbitrary_b, layout_loops_cross
D:2:      layout_rooms, minmay_tetromino_t2
D:3:      minmay_thinvault, layout_basic, gammafunk_ghost_necromancy,
          uniq_grinder, uniq_crazy_yiuf_cottage, uniq_pargi

Skill      XL: |  1  2  3 |
---------------+----------+-----
Ranged Weapons | 3 4 |  4.8
Fighting       | 2 |  2.0
Dodging        | |  2.1
Spellcasting   | |  1.0
Hexes          | |  2.0

Action                     |  1- 3 |  4- 6 || total
---------------------------+-------+-------++-------
   Fire: Sling             |   111 |    11 ||   122
         Greatsling        |       |    10 ||    10
    Use: Scroll            |     1 |     4 ||     5
 Armour: Robe              |     4 |     1 ||     5
  Dodge: Dodged            |    37 |     1 ||    38

Table legend:
 A = Non-vault XP
 B = Vault XP
 C = Vault XP percentage of total XP
 D = Non-vault monster count
 E = Vault monster count
 F = Vault count percentage of total count
                 A         B        C        D         E       F
            +---------+---------+-------+---------+---------+-------
      Total |     122 |       4 |   3.2 |      46 |       2 |   4.2
            +---------+---------+-------+---------+---------+-------
        D:1 |      41 |       0 |   0.0 |      25 |       0 |   0.0
        D:2 |      67 |       4 |   5.6 |      20 |       2 |   9.1
        D:3 |      14 |       0 |   0.0 |       1 |       0 |   0.0
            +---------+---------+-------+---------+---------+-------
